 Dungeon Crawl Stone Soup version 0.23.2-33-g5129a83184 (webtiles) character file.

Game seed: 16303804097479205841

8812 kae the Cleaver (level 11, -6/99 HPs)
             Began as a Minotaur Fighter on July 19, 2019.
             Was an Elder of Makhleb.
             Killed from afar by an oklob plant (10 damage)
             ... with a splash of acid
             ... on level 1 of the Lair of Beasts.
             The game lasted 00:10:18 (8762 turns).

kae the Cleaver (Minotaur Fighter)                  Turns: 8762, Time: 00:10:18

Health: -6/99      AC: -3    Str: 23    XL:     11   Next: 14%
Magic:  15/15      EV:  7    Int:  6    God:    Makhleb [****..]
Gold:   594        SH:  9    Dex: 10    Spells: 10/10 levels left

rFire    . . .     SeeInvis .   a - +1 war axe
rCold    . . .     Gourm    .   c - +0 shield
rNeg     . . .     Faith    .   b - +0 scale mail
rPois    .         Spirit   .   (helmet restricted)
rElec    .         Reflect  .   v - +0 cloak
rCorr    +         Harm     .   (no gloves)
MR       .....                  m - +1 pair of boots
Stlth    ..........             (no amulet)
HPRegen  0.26/turn              x - ring of resist corrosion
MPRegen  0.14/turn              E - ring of flight

@: corroded, lightly drained
A: retaliatory headbutt, horns 2
a: Minor Destruction, Lesser Servant of Makhleb, Major Destruction, Renounce
Religion, Evoke Flight


You were on level 1 of the Lair of Beasts.
You worshipped Makhleb.
Makhleb was greatly pleased with you.
You were near starving.

You visited 2 branches of the dungeon, and saw 11 of its levels.

You collected 594 gold pieces.

Inventory:

Hand Weapons
 a - a +1 war axe (weapon)
Armour
 b - a +0 scale mail (worn)
 c - a +0 shield (worn)
 m - a +1 pair of boots (worn)
 v - a +0 cloak (worn)
Jewellery
 h - an uncursed ring of ice
 x - a ring of resist corrosion (left hand)
 E - a ring of flight (right hand)
Wands
 y - a wand of acid (14)
 A - a wand of digging (4)
 C - a wand of iceblast (5)
 F - a wand of clouds (7)
Scrolls
 g - a scroll of fog
 l - 3 scrolls of amnesia
 o - 5 scrolls of teleportation
 p - 3 scrolls of remove curse
 t - a scroll of magic mapping
 w - 2 scrolls of enchant weapon
 D - a scroll of blinking
Potions
 d - a potion of might
 e - 2 potions of invisibility
 i - 3 potions of lignification
 j - 5 potions of haste
 k - a potion of agility
 n - a potion of magic
 q - a potion of flight
 r - a potion of heal wounds
 s - a potion of cancellation
 u - a potion of brilliance
 z - 2 potions of degeneration {unknown}
 B - 4 potions of curing
 I - a potion of berserk rage {unknown}
Comestibles
 f - 28 rations


   Skills:
 + Level 10.1(9.8) Fighting
 * Level 13.0(12.8) Axes
 + Level 10.1(9.8) Armour
 - Level 3.6(3.4) Shields
 + Level 7.4(7.1) Invocations


You had 10 spell levels left.
You didn't know any spells.
Your spell library contained the following spells:

 Spells                   Type           Power        Failure   Level  Hunger
 Corona                   Hex            #......      99%         1    ##.....
 Ensorcelled Hibernation  Hex/Ice        #.....       100%        2    ###....
 Confuse                  Hex            #.......     100%        3    ####...
 Dazzling Spray           Conj/Hex       #.....       100%        3    ####...
 Tukima's Dance           Hex            #.......     100%        3    ####...
 Bolt of Magma            Conj/Fire/Erth #.........   100%        5    ######.
 Iskenderun's Battlesphe  Conj/Chrm      #.......     100%        5    ######.
 Venom Bolt               Conj/Pois      #.........   100%        5    ######.
 Iron Shot                Conj/Erth      #.........   100%        6    #######
 Orb of Destruction       Conj           #.........   100%        7    #######
 Spellforged Servitor     Conj/Summ      #.........   100%        7    #######


Dungeon Overview and Level Annotations

Branches:
Dungeon (10/15)            Temple (0/1) D:4            Lair (1/6) D:10
    Orc (0/2) D:9

Altars:
Dithmenos
Elyvilon
Makhleb
Ru
Yredelemnul

Shops:
D:10 :

Annotations:
Lair:1 exclusion: oklob plant


Innate Abilities, Weirdness & Mutations

You reflexively headbutt those who attack you in melee.
You have a pair of horns on your head.


Message History

You hit the oklob plant but do no damage.
The oklob plant is almost destroyed.
You slash the plant!
You hit the oklob plant but do no damage.
The oklob plant is almost destroyed.
You hit the plant.
You destroy the plant!
The oklob plant spits acid at you. The splash of acid hits you! You resist.
* * * LOW HITPOINT WARNING * * *
You are splashed with acid!
You resist.
* * * LOW HITPOINT WARNING * * *
You hit the oklob plant but do no damage.
You headbutt the oklob plant, but do no damage.
The oklob plant is almost destroyed.
You hit the oklob plant but do no damage.
The oklob plant is almost destroyed.
The oklob plant spits acid at you. The splash of acid hits you! You resist.
You die...

.### ###..
....##.P.
.........
.........
........####
.........P!#
..........)#
.......@####
..........#
..........#
≈≈≈.......#
≈≈≈.....<.#
≈≈≈.......#
≈≈........#
≈..........
.........##


You could see an oklob plant.

Vanquished Creatures
  A catoblepas (D:8)
  A two-headed ogre (D:8)
  Urug (D:9)
  Pikel (D:4)
  Joseph (D:8)
  A centaur skeleton (D:10)
  A hippogriff (D:9)
  A shadow (D:9)
  Sigmund (D:5)
  A wyvern (D:8)
  3 yaks (D:9)
  A hungry ghost (D:8)
  2 porcupines (D:10)
  2 ice beasts
  3 sky beasts
  8 black bears
  2 orc warriors
  A phantom (D:4)
  2 ogres
  3 centaurs
  2 wolves
  2 crocodiles (D:10)
  A gnoll sergeant (D:8)
  2 bullfrogs
  3 scorpions
  4 killer bees (D:10)
  5 wights
  3 howler monkeys
  4 crimson imps
  A bullfrog zombie (D:6)
  3 hounds
  2 jellies (D:7)
  A bullfrog skeleton (D:9)
  3 orc priests
  5 orc wizards
  4 iguanas
  10 worker ants
  2 hound zombies
  A worker ant zombie (D:10)
  A howler monkey skeleton (D:5)
  7 gnolls (D:8)
  14 adders
  3 shadow imps
  An adder skeleton (D:5)
  7 dart slugs
  8 leopard geckos
  26 orcs
  2 giant cockroaches (D:1)
  9 goblins
  8 hobgoblins
  10 jackals
  15 kobolds
  8 quokkas
  9 bats
  4 frilled lizards
  A jackal skeleton (D:8)
  A quokka skeleton (D:8)
  A quokka zombie (D:6)
  5 rats
  2 plants (Lair:1)
237 creatures vanquished.

Vanquished Creatures (collateral kills)
  A porcupine (D:10)
  5 killer bees (D:10)
  A wight (D:10)
  A hound (D:10)
  A worker ant (D:10)
9 creatures vanquished.

Vanquished Creatures (others)
  A slave (D:4)
  A scorpion (D:4)
  A hound skeleton (D:4)
3 creatures vanquished.

Grand Total: 249 creatures vanquished

Notes
Turn   | Place    | Note
-------+----------+-------------------------------------------
     0 | D:1      | kae the Minotaur Fighter began the quest for the Orb.
     0 | D:1      | Reached XP level 1. HP: 19/19 MP: 0/0
    85 | D:1      | Reached XP level 2. HP: 27/27 MP: 1/1
   113 | D:1      | Reached skill level 3 in Axes
   248 | D:1      | Reached XP level 3. HP: 18/33 MP: 2/2
   578 | D:2      | Reached skill level 4 in Axes
   607 | D:2      | Reached XP level 4. HP: 33/41 MP: 3/3
   820 | D:2      | Found a white marble altar of Elyvilon.
  1087 | D:3      | Found a burning altar of Makhleb.
  1143 | D:3      | Became a worshipper of Makhleb the Destroyer
  1401 | D:3      | Reached XP level 5. HP: 44/47 MP: 4/4
  1657 | D:3      | Reached skill level 5 in Axes
  1752 | D:3      | Reached skill level 5 in Armour
  1752 | D:3      | Reached skill level 1 in Invocations
  1776 | D:3      | Reached * piety under Makhleb
  2027 | D:4      | Found a staircase to the Ecumenical Temple.
  2046 | D:4      | Reached skill level 5 in Fighting
  2118 | D:4      | Reached XP level 6. HP: 56/56 MP: 5/5
  2225 | D:4      | Noticed a slave
  2227 | D:4      | Noticed Pikel
  2227 | D:4      | Noticed a slave
  2229 | D:4      | Noticed a slave
  2232 | D:4      | Noticed a slave
  2249 | D:4      | Killed Pikel
  2249 | D:4      | Reached skill level 7 in Axes
  2249 | D:4      | Reached XP level 7. HP: 23/63 MP: 6/8
  2774 | D:5      | Entered Level 5 of the Dungeon
  2783 | D:5      | Noticed Sigmund
  2799 | D:5      | Killed Sigmund
  2799 | D:5      | Reached XP level 8. HP: 50/70 MP: 9/9
  3420 | D:5      | Reached skill level 8 in Axes
  3559 | D:6      | Reached ** piety under Makhleb
  3708 | D:6      | Found a basalt altar of Yredelemnul.
  3789 | D:6      | Found a shadowy altar of Dithmenos.
  3891 | D:6      | Reached skill level 9 in Axes
  4361 | D:7      | Reached XP level 9. HP: 78/79 MP: 11/11
  4920 | D:8      | Reached skill level 10 in Axes
  4923 | D:8      | Reached skill level 5 in Invocations
  4973 | D:8      | Reached *** piety under Makhleb
  5222 | D:8      | Noticed Joseph
  5241 | D:8      | Killed Joseph
  5451 | D:8      | Noticed a two-headed ogre
  5470 | D:8      | Killed a two-headed ogre
  5470 | D:8      | Reached skill level 11 in Axes
  5663 | D:8      | Reached XP level 10. HP: 90/90 MP: 13/13
  5668 | D:8      | Noticed a catoblepas
  5680 | D:8      | Killed a catoblepas
  5841 | D:8      | Found a sacrificial altar of Ru.
  6572 | D:9      | Reached **** piety under Makhleb
  6572 | D:9      | Reached skill level 12 in Axes
  6641 | D:9      | Found a staircase to the Orcish Mines.
  7164 | D:10     | Entered Level 10 of the Dungeon
  7174 | D:10     | Noticed Urug
  7453 | D:9      | Killed Urug
  7783 | D:10     | Reached XP level 11. HP: 99/99 MP: 15/15
  8009 | D:10     | Found a staircase to the Lair.
  8014 | D:10     | Reached skill level 10 in Fighting
  8019 | D:10     | Reached skill level 10 in Armour
  8216 | D:10     | Found Sufap's Book Shoppe.
  8255 | D:10     | Reached skill level 13 in Axes
  8724 | Lair:1   | Entered Level 1 of the Lair of Beasts
  8729 | Lair:1   | Noticed an oklob plant
  8759 | Lair:1   | HP: 4/99 [acid (7)]
  8762 | Lair:1   | Killed from afar by an oklob plant

Skill      XL: |  1  2  3  4  5  6  7  8  9 10 11 |
---------------+----------------------------------+-----
Axes           | 3 4 5 7 9 11 12 13 | 13.0
Fighting       | 4 5 6 7 8 9 10 | 10.1
Armour         | 4 5 6 7 8 9 10 | 10.1
Invocations    | 1 2 3 4 5 7 |  7.4
Shields        | |  3.6

Action                   |  1- 3 |  4- 6 |  7- 9 | 10-12 || total
-------------------------+-------+-------+-------+-------++-------
Melee: War axe           |    82 |   145 |   252 |   255 ||   734
       Headbutt          |    10 |    19 |    38 |    72 ||   139
Invok: Lesser Servant of |       |       |       |     3 ||     3
  Use: Scroll            |     3 |     3 |     8 |     6 ||    20
       Potion            |       |       |     3 |     1 ||     4
 Stab: Petrified         |       |       |       |     2 ||     2
       Petrifying        |       |       |       |     1 ||     1
  Eat: Chunk             |       |     5 |    11 |     8 ||    24
Armor: Scale mail        |    39 |    50 |    98 |   106 ||   293
       Skin              |       |       |     5 |       ||     5
Dodge: Dodged            |    26 |    59 |    60 |    68 ||   213
Block: Shield            |    49 |    73 |    93 |    84 ||   299
